 Dungeon Crawl Stone Soup version 0.31.0-12-g77e489cdc1 (webtiles) character file.

Game seed: 13908608934154002894

49 DildoBatman the Conjurer (level 4, 0/32 HPs)
             Began as a Formicid Conjurer on Mar 2, 2024.
             Slain by a hobgoblin (1 damage)
             ... on level 2 of the Dungeon.
             The game lasted 00:02:21 (1002 turns).

DildoBatman the Conjurer (Formicid Conjurer)        Turns: 1002, Time: 00:02:22

Health: 0/32       AC:  2    Str: 12    XL:     4   Next: 2%
Magic:  1/7        EV:  9    Int: 19    God:
Gold:   37         SH:  0    Dex: 12    Spells: 5/8 levels left

rFire   . . .        h - +0 sling
rCold   . . .        (no shield)
rNeg    . . .        a - +0 robe
rPois   .            (helmet unavailable)
rElec   .            (no cloak)
rCorr   .            (no gloves)
SInv    +            (no boots)
Will    .....        (no amulet)
Stlth   ++           (no ring)
HPRegen 0.25/turn    (no ring)
MPRegen 0.10/turn

%: no passive effects
@: constricted
A: permanent stasis, dig shafts and tunnels, antennae 3, four strong arms
a: Dig, Shaft Self


You were on level 2 of the Dungeon.
You visited 1 branch of the dungeon, and saw 2 of its levels.

You collected 37 gold pieces.

Inventory:

Hand Weapons
 e - a +0 dagger
 h - a +0 sling (weapon)
Missiles
 d - 16 poisoned darts
 j - 5 stones
Armour
 a - a +0 robe (worn)
Scrolls
 c - a scroll of identify {unknown}
 f - a scroll of blinking {unknown}
 l - 2 scrolls of teleportation {unknown}
Potions
 b - a potion of magic
 g - a potion of brilliance {unknown}
 i - a potion of lignification {unknown}
 k - 2 potions of attraction {unknown}


   Skills:
 + Level 1.2 Fighting
 + Level 1.1 Armour
 + Level 2.2 Dodging
 + Level 3.0 Stealth
 + Level 2.5 Spellcasting
 + Level 3.8 Conjurations


You had 5 spell levels left.
You knew the following spells:

 Your Spells              Type           Power      Damage    Failure   Level
a - Searing Ray           Conj           32%        2d5       4%          2
c - Magic Dart            Conj           64%        1d6       3%          1

Your spell library contained the following spells:

 Spells                   Type           Power      Damage    Failure   Level
 Fulminant Prism          Conj/Alch      4%         3d5       58%         4
 Iskenderun's Mystic Bla  Conj/Tloc      9%         2d4       58%         4
 Malign Gateway           Summ/Tloc      1%         N/A       100%        7
 Summon Horrible Things   Summ           1%         N/A       100%        8


Dungeon Overview and Level Annotations

Branches:
Dungeon (2/15)

Altars:


Innate Abilities, Weirdness & Mutations

You cannot be hasted, slowed, berserked, paralysed or teleported.
You can dig through walls and to a lower floor.
You have a pair of large antennae on your head. (SInv)
Your four strong arms can wield two-handed weapons with a shield.


Message History

g - Guard the area. f - Follow me.
Anything else - Cancel.
You shout for attention!
The hobgoblin completely misses you. The ball python bites you.
The ball python constricts you. The hobgoblin closely misses you.
What are your orders? t - Shout!
Orders for allies: a - Attack new target. r - Retreat! s - Stop attacking. g - Guard the area. f - Follow me.
Anything else - Cancel.
You shout for attention!
The hobgoblin hits you. The ball python bites you.
The ball python constricts you. The hobgoblin barely misses you.
What are your orders? t - Shout!
Orders for allies: a - Attack new target. r - Retreat! s - Stop attacking. g - Guard the area. f - Follow me.
Anything else - Cancel.
You shout for attention!
The hobgoblin barely misses you. The ball python bites you.
The ball python constricts you.
The hobgoblin hits you but does no damage.
What are your orders? t - Shout!
Orders for allies: a - Attack new target. r - Retreat! s - Stop attacking. g - Guard the area. f - Follow me.
Anything else - Cancel.
You shout for attention!
The ball python barely misses you. The ball python constricts you.
The hobgoblin hits you. x2
You die...

#.# #. #.####### #. #
#######.#... .# ##.#####.
..#.#....#..#.###.# )........
.#...#..#.......#.#.## ##########
...$..!...........#..#.P #P#.P)#.
........g{........#..#.#.#.#.#.#.
......#####.##.##g......P.....P.[
...... #........@g...# #.#P#.#.#.
....?. #.#.##..S.##..#...#_#...#.
..g..... #. #....##..#.#.#P#.#.#.
....... #. #...........PPP.P....
...... #. #...###..#.#.#.#.#.#. .
#. #...###..# #P#.P.#. ..
#...##..############# ..
#.[..................
#....................


You could see 2 hobgoblins and a ball python.

Vanquished Creatures
  2 adders
  4 ball pythons
  5 bats (D:1)
  3 endoplasms (D:1)
  3 giant cockroaches
  3 goblins
  4 hobgoblins
  A quokka (D:1)
  A frilled lizard (D:2)
  2 kobolds
28 creatures vanquished.

Notes
Turn   | Place    | Note
-------+----------+-------------------------------------------
     0 | D:1      | DildoBatman the Formicid Conjurer began the quest for the
                  | Orb.
     0 | D:1      | Reached XP level 1. HP: 13/13 MP: 3/3
   380 | D:1      | Reached XP level 2. HP: 20/20 MP: 5/5
   391 | D:1      | Learned a level 2 spell: Searing Ray
   638 | D:1      | Reached XP level 3. HP: 25/25 MP: 2/6
   836 | D:2      | Reached skill level 1 in Fighting
   836 | D:2      | Reached skill level 1 in Armour
   860 | D:2      | Found a faded altar of an unknown god.
   993 | D:1      | Reached XP level 4. HP: 32/32 MP: 0/7
  1002 | D:2      | HP: 1/32 [hobgoblin (4)]
  1002 | D:2      | Slain by a hobgoblin

Illustrated notes

Levels and vault maps discovered:
D:1:      scummos_arrival_simple_fountains, layout_loops_corners,
          minmay_hedge_maze
D:2:      wad_river_or_something, layout_basic,
          shapermc_ecumenical_altar_mp_urbaneastern, dreamdust_princess_bridge

Skill      XL: |  1  2  3 |
---------------+----------+-----
Dodging        | 2 |  2.2
Fighting       | 1 |  1.2
Armour         | 1 |  1.1
Stealth        | 3 |  3.0
Spellcasting   | |  2.5
Conjurations   | |  3.8

Action                     |  1- 3 |  4- 6 || total
---------------------------+-------+-------++-------
  Melee: Unarmed           |     2 |       ||     2
   Fire: Sling             |    42 |       ||    42
   Cast: Magic Dart        |    19 |       ||    19
         Searing Ray       |     3 |       ||     3
 Armour: Robe              |    11 |    18 ||    29
  Dodge: Dodged            |    29 |    14 ||    43
